 Dungeon Crawl Stone Soup version 0.27-a0-200-g8ba017916c (webtiles) character file.

Game seed: 14783354612703159029

3772 scarywalker64 the Magician (level 9, -12/74 HPs)
             Began as a Demigod Air Elementalist on Jan 29, 2021.
             Mangled by a seven-headed hydra (13 damage)
             ... on level 7 of the Dungeon.
             The game lasted 00:34:10 (10771 turns).

scarywalker64 the Magician (DgAE)                  Turns: 10771, Time: 00:34:10

Health: -12/74     AC: 10    Str: 15    XL:     9   Next: 63%
Magic:  18/22      EV: 16    Int: 27    God:
Gold:   453        SH: 13    Dex: 22    Spells: 5/20 levels left

rFire    . . .     SeeInvis +   n - +3 short sword (vamp)
rCold    . . .     Faith    .   M - +2 buckler
rNeg     . . .     Spirit   .   k - +2 robe {Will+}
rPois    .         Reflect  +   z - +2 helmet {SInv}
rElec    .         Harm     .   (no cloak)
rCorr    .         Rampage  .   w - +2 pair of gloves
Will     +....                  (no boots)
Stlth    ++........             D - amulet of reflection
HPRegen  0.22/turn              J - +6 ring of dexterity
MPRegen  0.18/turn              S - +6 ring of intelligence

@: about to teleport
A: high mp 1
a: no special abilities


You were on level 7 of the Dungeon.
You visited 2 branches of the dungeon, and saw 8 of its levels.
You also visited: Sewer and Ossuary.

You collected 453 gold pieces.

Inventory:

Hand Weapons
 a - a +0 rapier
 b - a +0 hunting sling
 n - a +3 vampiric short sword (weapon)
Missiles
 g - 231 stones
 p - 163 arrows
 q - 29 poisoned darts
 r - 3 javelins
 s - 101 sling bullets
 v - 44 bolts
Armour
 k - a +2 robe of willpower (worn)
 w - a +2 pair of gloves (worn)
 z - a +2 helmet of see invisible (worn)
 B - a +1 plate armour of fire resistance
 M - a +2 buckler (worn)
Jewellery
 c - an uncursed ring of protection from cold
 d - an uncursed ring of positive energy
 l - an uncursed ring of flight
 D - an amulet of reflection (around neck)
 J - a +6 ring of dexterity (left hand)
 S - a +6 ring of intelligence (right hand)
Wands
 y - a wand of random effects (9)
 E - a wand of iceblast (6)
 F - a wand of flame (20)
 K - a wand of enslavement (5)
Scrolls
 e - 3 scrolls of enchant weapon
 f - 4 scrolls of teleportation
 i - 4 scrolls of remove curse
 u - a scroll of magic mapping
 G - a scroll of amnesia
Potions
 h - a potion of cancellation
 j - a potion of invisibility {unknown}
 m - a potion of resistance
 o - 3 potions of brilliance
 t - 2 potions of heal wounds
 x - 3 potions of curing
 A - a potion of might
 C - 3 potions of attraction
 L - a potion of mutation
 N - a potion of flight
 P - a potion of haste
Miscellaneous
 H - a box of beasts


   Skills:
 * Level 5.3 Fighting
 - Level 4.0 Short Blades
 + Level 0.4 Maces & Flails
 + Level 0.2 Slings
 + Level 5.1 Dodging
 - Level 2.0 Stealth
 - Level 4.0 Shields
 * Level 6.2 Spellcasting
 + Level 4.2 Conjurations
 + Level 5.0 Air Magic


You had 5 spell levels left.
You knew the following spells:

 Your Spells              Type           Power        Failure   Level
a - Shock                 Conj/Air       100%         1%          1
b - Swiftness             Air            35%          1%          2
c - Confusing Touch       Hex            8%           19%         3
d - Airstrike             Air            17%          8%          4
e - Lightning Bolt        Conj/Air       16%          26%         5

Your spell library contained the following spells:

 Spells                   Type           Power        Failure   Level
 Static Discharge         Conj/Air       33%          2%          3
 Gell's Gravitas          Tloc           4%           19%         3
 Petrify                  Tmut/Erth      8%           54%         4
 Metabolic Englaciation   Hex/Ice        4%           87%         5
 Yara's Violent Unravell  Hex/Tmut       4%           87%         5


Dungeon Overview and Level Annotations

Branches:
Dungeon (7/15)             Temple (1/1) D:5           Sewer (visited)
Ossuary (visited)

Shops:
D:4 *


Innate Abilities, Weirdness & Mutations

You have an increased reservoir of magic. (+10% MP)


Message History

The seven-headed hydra bites you!
As you read the scroll of teleportation, it crumbles to dust.
You feel strangely unstable. The seven-headed hydra bites you.
The seven-headed hydra bites you but does no damage.
The seven-headed hydra barely misses you.
The seven-headed hydra completely misses you.
The seven-headed hydra bites you but does no damage.
The seven-headed hydra barely misses you.
You block the seven-headed hydra's attack.
The seven-headed hydra bites you. x2; The seven-headed hydra misses you.
The seven-headed hydra closely misses you. x2
You block the seven-headed hydra's attack.
The seven-headed hydra bites you!
* * * LOW HITPOINT WARNING * * *
The seven-headed hydra bites you!
* * * LOW HITPOINT WARNING * * *
The seven-headed hydra bites you!
* * * LOW HITPOINT WARNING * * *
The seven-headed hydra bites you!
You die...

######
##....############## ..
.#....#...†......D.# ...
.#....#.........@..#....
##....##'###########....
.#.....D.)..............
.###.#..................
.#...#..................
###..#..........<.......
..#..#....<†............
..#.######'##...........#
......#.....########....#


You could see a seven-headed hydra.

Vanquished Creatures
  A kobold demonologist (D:6)
  A yak (D:6)
  3 water moccasins
  2 orc warriors (D:6)
  2 sky beasts
  A black bear (D:7)
  A phantom (D:5)
  5 centaurs
  2 ogres
  A big kobold (D:7)
  3 bullfrogs
  2 scorpions
  6 killer bees (D:6)
  2 howler monkeys
  2 jellies (D:7)
  A quasit (D:5)
  A human zombie (Ossuary)
  3 orc priests (D:6)
  A gnoll shaman (D:7)
  Ijyb (D:3)
  3 iguanas
  8 orc wizards
  5 worker ants
  Natasha (thrice) (D:2)
  A hound zombie (Ossuary)
  4 hound skeletons
  5 mummies
  A worker ant zombie (D:5)
  Robin (D:3)
  11 gnolls
  6 adders
  A shadow imp (D:5)
  A white imp (D:5)
  An ooze (D:5)
  2 adder zombies
  2 dart slugs (D:1)
  6 leopard geckos
  19 orcs
  6 bats
  4 giant cockroaches
  2 gnoll zombies (Ossuary)
  5 hobgoblins
  4 jackals
  18 kobolds
  A quokka (D:7)
  A ball python (D:1)
  A frilled lizard (D:2)
  17 goblins
  A goblin zombie (Ossuary)
  A hobgoblin zombie (D:4)
  3 jackal zombies
  3 kobold zombies
  A leopard gecko skeleton (D:5)
  An orc zombie (Ossuary)
  8 rats
  A rat zombie (Ossuary)
199 creatures vanquished.

Vanquished Creatures (others)
  A kobold (D:7)
1 creature vanquished.

Grand Total: 200 creatures vanquished

Notes
Turn   | Place    | Note
-------+----------+-------------------------------------------
     0 | D:1      | scarywalker64 the Demigod Air Elementalist began the quest
                  | for the Orb.
     0 | D:1      | Reached XP level 1. HP: 14/14 MP: 5/5
   450 | D:1      | Reached XP level 2. HP: 11/20 MP: 7/7
   680 | D:1      | Reached skill level 2 in Spellcasting
  1270 | D:2      | Noticed Natasha
  1313 | D:2      | Killed Natasha
  1314 | D:2      | Reached skill level 1 in Conjurations
  1314 | D:2      | Reached XP level 3. HP: 27/27 MP: 0/9
  1653 | D:2      | Noticed Natasha
  1666 | D:2      | Killed Natasha
  1876 | D:2      | Reached XP level 4. HP: 34/34 MP: 10/10
  2150 | D:2      | Noticed Natasha
  2158 | D:2      | Killed Natasha
  2159 | D:2      | Reached skill level 1 in Fighting
  2325 | D:2      | Found an ornate altar of the Wu Jian Council.
  2536 | D:3      | Noticed Robin
  2730 | D:3      | Killed Robin
  2893 | D:3      | Noticed Ijyb
  2935 | D:3      | Found a sacrificial altar of Ru.
  2995 | D:3      | Reached skill level 3 in Spellcasting
  3372 | D:3      | Reached XP level 5. HP: 40/40 MP: 12/12
  3376 | D:3      | Found a broken altar of Ashenzari.
  3448 | D:4      | Found a glowing drain.
  3469 | Sewer    | Entered a sewer
  3600 | Sewer    | Noticed a water moccasin
  3612 | Sewer    | Killed a water moccasin
  3613 | Sewer    | Reached skill level 1 in Short Blades
  3775 | D:4      | Found Wimupifa's Assorted Antiques.
  3810 | D:4      | Found a sand-covered staircase.
  3822 | Ossuary  | Entered an ossuary
  3843 | Ossuary  | Reached XP level 6. HP: 19/48 MP: 7/14
  3846 | Ossuary  | Reached skill level 1 in Shields
  4122 | Ossuary  | Learned a level 2 spell: Swiftness
  5099 | D:3      | Paralysed by Ijyb for 6 turns
  5107 | D:3      | Killed Ijyb
  5108 | D:3      | Reached skill level 4 in Spellcasting
  5219 | D:5      | Entered Level 5 of the Dungeon
  5239 | D:5      | Reached XP level 7. HP: 54/55 MP: 16/16
  5313 | D:5      | Found an iron altar of Okawaru.
  6160 | D:5      | Found a staircase to the Ecumenical Temple.
  6508 | D:5      | Reached XP level 8. HP: 56/62 MP: 18/18
  6827 | Temple   | Entered the Ecumenical Temple
  7226 | D:6      | Reached skill level 5 in Spellcasting
  7484 | D:6      | Noticed a kobold demonologist
  7488 | D:6      | Noticed a hellwing
  7663 | D:6      | Noticed a sun demon
  7961 | D:6      | Noticed a sun demon
  7964 | D:6      | Killed a kobold demonologist
  8339 | D:6      | Found a burning altar of Makhleb.
  8340 | D:6      | Found an iron altar of Okawaru.
  8672 | D:6      | Learned a level 3 spell: Confusing Touch
  8677 | D:6      | Learned a level 4 spell: Airstrike
  8683 | D:6      | Learned a level 5 spell: Lightning Bolt
  8982 | D:6      | Reached XP level 9. HP: 17/71 MP: 18/21
  9390 | D:7      | Noticed a seven-headed hydra
 10018 | D:7      | Reached skill level 6 in Spellcasting
 10022 | D:7      | Reached skill level 5 in Fighting
 10322 | D:7      | Reached skill level 5 in Dodging
 10322 | D:7      | Reached skill level 5 in Air Magic
 10771 | D:7      | HP: 1/74 [seven-headed hydra (10)]
 10771 | D:7      | Mangled by a seven-headed hydra

Illustrated notes

Levels and vault maps discovered:
D:1:      lemuel_arrival_muddy, layout_rooms, serial_curves, eino_curves_02,
          eino_curves_01, serial_park_tiny_pond, minmay_bisected
D:2:      layout_loops_ring, lemuel_round_altar, uniq_natasha
D:3:      layout_rooms, nicolae_ru_path_of_blood, marbit_many_paths,
          kennysheep_generic_room_8, uniq_ijyb, uniq_robin
D:4:      layout_rooms, serial_shops,
          nicolae_shop_temple_entry_statues_fountains,
          nicolae_ossuary_entry_giza, portal_sewer_entry_a, dk_rats_in_the_wall
D:5:      layout_basic, minmay_temple_entry_grid, basic_altar
D:6:      layout_loops_ring, grunt_temple_overflow_open, minivault_25,
          kb_rosetta
D:7:      minmay_chambers_of_fours, layout_gridville
Temple:   eino_temple_scatter_basement

Skill      XL: |  1  2  3  4  5  6  7  8  9 |
---------------+----------------------------+-----
Air Magic      | 3 4 5 |  5.0
Dodging        | 2 3 5 |  5.1
Spellcasting   | 2 3 4 5 6 |  6.2
Stealth        | 2 |  2.0
Conjurations   | 1 2 3 4 |  4.2
Fighting       | 1 2 4 5 |  5.3
Short Blades   | 1 2 3 4 |  4.0
Shields        | 1 2 4 |  4.0
Maces & Flails | |  0.4
Slings         | |  0.2

Action                   |  1- 3 |  4- 6 |  7- 9 || total
-------------------------+-------+-------+-------++-------
Melee: Hunting sling     |    16 |       |       ||    16
       Whip              |    37 |       |       ||    37
       Short sword       |    15 |   106 |   433 ||   554
 Fire: Hunting sling     |       |       |     4 ||     4
 Cast: Shock             |    34 |   127 |   150 ||   311
Evoke: Wand              |       |     1 |       ||     1
  Use: Scroll            |       |    10 |    14 ||    24
       Potion            |       |     1 |     2 ||     3
 Stab: Sleeping          |     2 |     7 |     9 ||    18
Armor: Robe              |    14 |    71 |   127 ||   212
Dodge: Dodged            |    58 |   118 |   265 ||   441
Block: Buckler           |       |    17 |   320 ||   337
       Reflection        |       |       |    21 ||    21

Table legend: (Time is in decaauts)
 A = Elapsed time spent in this place.
 B = Non-inter-level travel time spent in this place.
 C = Inter-level travel time spent in this place.
 D = Time resting spent in this place.
 E = Time spent auto-exploring this place.
 F = Levels seen in this place.
 G = Mean time per level.
                   A        B        C        D        E       F      G
               +--------+--------+--------+--------+--------+-----+--------+
         Total |  10811 |  10256 |    555 |   3785 |   4110 |  10 | 1081.1 |
       Dungeon |   9729 |   9190 |    539 |   3399 |   3641 |   7 | 1389.9 |
        Temple |    175 |    159 |     16 |      0 |    158 |   1 |  175.0 |
         Sewer |    281 |    281 |      0 |      0 |    206 |   1 |  281.0 |
       Ossuary |    625 |    625 |      0 |    386 |    104 |   1 |  625.0 |
               +--------+--------+--------+--------+--------+-----+--------+

Top non-repeatable levels by time:
     D:5: 2062 daAuts
     D:6: 2004 daAuts
     D:2: 1471 daAuts
     D:1: 1269 daAuts
     D:7: 1234 daAuts
     D:3: 935 daAuts
     D:4: 753 daAuts
 Ossuary: 625 daAuts
   Sewer: 281 daAuts
  Temple: 175 daAuts
